 Dungeon Crawl Stone Soup version 0.16.2-2-g470672f (webtiles) character file.

105473 smiler the Thaumaturge (level 16, -2/96 HPs)
             Began as a Gargoyle Earth Elementalist on Aug 21, 2015.
             Was the Champion of Vehumet.
             Killed from afar by a deep elf annihilator (83 damage)
             ... with a crystal spear
             ... summoned by a shadow trap
             ... triggered by a deep elf knight
             ... on level 1 of the Elven Halls.
             The game lasted 04:33:12 (50161 turns).

smiler the Thaumaturge (GrEE)                      Turns: 50161, Time: 04:33:12

Health: -2/96      AC: 22    Str: 13    XL:     16   Next: 41%
Magic:  29/37      EV: 16    Int: 22    God:    Vehumet [******]
Gold:   1209       SH:  5    Dex: 13    Spells: 8 memorised, 19 levels left

rFire  . . .     SeeInvis .     a - staff of conjuration
rCold  . . .     Clarity  .     H - +2 robe {Archmagi}
rNeg   + . .     SustAb   .     O - +0 buckler
rPois  ∞         Gourm    .     Q - +2 hat
rElec  +         Spirit   .     o - +0 cloak
rCorr  .         Warding  .     Y - +2 pair of gloves {Dex+3}
rMut   .         Stasis   .     (no boots)
MR     +++..                    (no amulet)
Stlth  ++........               B - ring of protection from magic
                                F - ring of protection from magic

@: flying, extremely resistant to hostile enchantments, unstealthy
A: able to fly continuously, big wings, negative energy resistance 1,
electricity resistance, unbreathing, petrification resistance, rot immunity,
placid magic 1, AC +11
a: Stop Flying, Renounce Religion


You were on level 1 of the Elven Halls.
You worshipped Vehumet.
Vehumet was exalted by your worship.
You were not hungry.

You visited 5 branches of the dungeon, and saw 25 of its levels.
You also visited: Volcano.

You collected 2546 gold pieces.
You spent 1337 gold pieces at shops.

Inventory:

Hand weapons
 N - a +2 mace of protection
Missiles
 b - 301 stones (quivered)
Armour
 o - a +0 cloak (worn)
 H - a +2 robe of the Archmagi (worn)
 O - a +0 buckler (worn)
 P - the -1 robe of the Crown {rC+ rCorr Int+2 Dex-3 Slay-3}
   (You took it off a crimson imp on level 8 of the Dungeon)

   It affects your intelligence (+2).
   It affects your dexterity (-3).
   It affects your accuracy and damage with ranged weapons and melee attacks
   (-3).
   It protects you from cold.
   It protects you from acid and corrosion.
 Q - a +2 hat (worn)
 Y - a +2 pair of gloves of dexterity (worn)
Magical staves
 a - an uncursed staff of conjuration (weapon)
Jewellery
 u - an uncursed ring of wizardry
 B - a ring of protection from magic (right hand)
 F - a ring of protection from magic (left hand)
Magical devices
 x - a wand of cold (9)
 T - a wand of digging (20)
Scrolls
 c - 2 scrolls of blinking
 e - 5 scrolls of remove curse
 f - a scroll of enchant weapon
 i - 4 scrolls of magic mapping
 q - 4 scrolls of fog
 y - 3 scrolls of identify
Potions
 g - 2 potions of magic
 j - 3 potions of invisibility
 k - 2 potions of curing
 n - a potion of restore abilities
 p - 2 potions of resistance
 r - 2 potions of lignification
 w - 2 potions of heal wounds
 J - a potion of brilliance
 W - 2 potions of ambrosia
 X - a potion of haste
Books
 d - a book of Geomancy

   Spells                             Type                      Level
   a - Sandblast                      Earth                        1
   b - Stoneskin                      Transmutation/Earth          2
   c - Passwall                       Transmutation/Earth          3
   d - Stone Arrow                    Conjuration/Earth            3
   e - Petrify                        Transmutation/Earth          4
   f - Lee's Rapid Deconstruction     Earth                        5
 U - a book of Annihilations {highlevel}

   Spells                             Type                      Level
   a - Poison Arrow                   Conjuration/Poison           6
   b - Chain Lightning                Conjuration/Air              8
   c - Lehudib's Crystal Spear        Conjuration/Earth            8
   d - Glaciate                       Conjuration/Ice              9
   e - Fire Storm                     Conjuration/Fire             9
Comestibles
 h - 3 chunks of flesh
 l - 9 bread rations


   Skills:
 + Level 9.2 Fighting
 + Level 8.0 Staves
 - Level 6.8 Armour
 + Level 7.2 Dodging
 - Level 2.1 Stealth
 - Level 4.1 Shields
 * Level 14.0 Spellcasting
 + Level 11.7 Conjurations
 - Level 0.7 Transmutations
 + Level 7.0 Fire Magic
 + Level 13.7 Earth Magic
 + Level 8.3 Evocations


You had 19 spell levels left.
You knew the following spells:

 Your Spells              Type           Power        Failure   Level  Hunger
a - Stone Arrow           Conj/Erth      ######       0%          3    None
b - Stoneskin             Trmt/Erth      #####...     1%          2    None
c - Sandblast             Erth           ######       0%          1    None
d - Lee's Rapid Deconstr  Erth           ######....   1%          5    ###....
e - Flame Tongue          Conj/Fire      #####        0%          1    None
f - Delayed Fireball      Conj/Fire      N/A          24%         7    ######.
g - Bolt of Magma         Conj/Fire/Erth #######...   1%          5    ###....
h - Fireball              Conj/Fire      ######....   1%          5    ###....


Dungeon Overview and Level Annotations

Branches:
Dungeon (11/15)            Temple (1/1) D:5            Lair (8/8) D:8
 Shoals (0/5) Lair:5        Snake (0/5) Lair:3        Slime (0/6) Lair:6
    Orc (4/4) D:11            Elf (1/3) Orc:4

Altars:
Ashenzari
Cheibriados
Dithmenos
Elyvilon
Fedhas
Gozag
Kikubaaqudgha
Makhleb
Nemelex Xobeh
Okawaru
Qazlal
Ru
Sif Muna
Trog
Vehumet
Xom
Yredelemnul
Zin
The Shining One
Beogh
Jiyva

Shops:
D:10 =   Orc:3 :   Orc:4 !:[[


Innate Abilities, Weirdness & Mutations

You are resistant to torment.
You are immune to poison.
You can fly continuously.
Your stone body is very resilient (AC +11).
Your wings are large and strong.
You resist negative energy.
You are resistant to electric shocks.
You can survive without breathing.
You are immune to petrification.
You are immune to rotting.
Your spells are a little easier to cast, but a little less powerful.


Message History

Aim: a deep elf annihilator, wielding a long sword of draining (summoned)
You feel a strong surge of power!
The stone arrow hits the deep elf annihilator.
The deep elf annihilator is lightly wounded.
The deep elf annihilator hits you but does no damage.
Casting: Stone Arrow
Confirm with . or Enter, or press ? or * to list all spells.
Aiming: Stone Arrow
Press: ? - help, Shift-Dir - straight line, f/p - deep elf annihilator
Aim: a deep elf annihilator, wielding a long sword of draining (lightly wounded, summoned)
You feel a strong surge of power!
The stone arrow hits the deep elf annihilator.
The deep elf annihilator is heavily wounded.
The deep elf annihilator hits you with a long sword of draining.
The deep elf annihilator casts a spell.
The deep elf annihilator blinks!
The deep elf annihilator points at you and mumbles some strange words.
The crystal spear hits you!
Ouch! That really hurt!
You die...

#.....#...#.....
####...####.... .
#...#....... .##
#...#....##.## .#...
###'##....#...' .....#
#.........#...# #....
#####..####...####...#
#..#.P.......#...#
#.......#@...'...#
#..#.......).#####.#
#..####...§###.....#
#.#...#...#e...#
#.....#...#e..## #
#..........Te..## ##
#.............).##### ##.
##......#...........####..
#.....###.....####...§'..


You could see 2 deep elf annihilators, a troll (wandering) and a deep elf mage.

Vanquished Creatures
  A quicksilver dragon (Orc:4)
  A deep elf sorcerer (Elf:1)
  A red draconian (Volcano)
  An ettin (Orc:4)
  Josephine (Orc:2)
  10 hydras
  Fannar (Lair:3)
  Harold (Orc:4)
  3 catoblepae (Lair:8)
  Erica (Orc:2)
  25 death yaks
  Nergalle (Orc:3)
  Erolcha (D:8)
  6 deep elf knights (Elf:1)
  7 deep elf summoners (Elf:1)
  Pikel (D:5)
  A lindwurm (Lair:7)
  4 deep elf conjurers (Elf:1)
  9 orc sorcerers
  3 orc knights
  A griffon (Lair:3)
  An ugly thing (D:11)
  8 black mambas
  Maurice (D:10)
  Joseph (D:9)
  11 elephants
  2 manticores (D:11)
  18 spiny frogs
  3 torpor snails
  Psyche (D:8)
  14 komodo dragons
  2 deep elf priests (Elf:1)
  2 fire drakes
  2 polar bears
  A snapping turtle (Lair:5)
  A ynoxinul (Orc:4)
  28 blink frogs
  2 redbacks (Elf:1)
  3 basilisks
  40 yaks
  4 wyverns
  Eustachio (D:5)
  10 deep elf magi (Elf:1)
  6 wraiths
  9 wargs
  A steam dragon (Lair:5)
  19 deep elf fighters
  6 hippogriffs
  A hungry ghost (D:10)
  12 water moccasins
  29 wolves
  2 black bears (D:11)
  18 orc warriors
  15 porcupines
  A sky beast (D:5)
  A slave (D:5)
  2 ice beasts
  10 ogres
  3 phantoms
  A boring beetle (Lair:7)
  4 necrophages
  8 centaurs
  A big kobold (D:11)
  29 giant frogs
  15 crocodiles
  4 scorpions
  A warg zombie (Orc:4)
  A wyvern skeleton (D:8)
  6 killer bees (D:10)
  2 centaur zombies
  3 goliath beetles
  5 crimson imps
  2 giant frog zombies
  20 orc priests
  3 jellies
  2 giant frog skeletons
  4 centaur skeletons
  A hell rat (Elf:1)
  13 hounds
  12 iguanas
  63 orc wizards
  6 worker ants
  2 quasits
  26 sheep
  2 hound skeletons
  A mummy (D:7)
  96 river rats
  A worker ant zombie (D:11)
  32 adders
  2 giant mites
  4 worms
  A shadow imp (D:11)
  An adder zombie (D:10)
  3 orc zombies (Orc:4)
  4 giant geckos
  An ooze (D:1)
  195 orcs
  2 ball pythons
  A bat skeleton (D:7)
  A bat zombie (D:7)
  7 giant cockroaches
  17 hobgoblins
  28 jackals
  16 quokkas
  24 bats
  10 giant newts
  23 goblins
  13 kobolds
  2 orc skeletons (Orc:4)
  27 rats
  6 fungi
1125 creatures vanquished.

Vanquished Creatures (collateral kills)
  A crocodile (Lair:2)
1 creature vanquished.

Vanquished Creatures (others)
  2 slaves (D:6)
  A hound (Lair:2)
  An adder (Lair:2)
  A goblin (D:5)
  A bat (D:1)
  66 fungi
  21 plants
93 creatures vanquished.

Grand Total: 1219 creatures vanquished

Notes
Turn   | Place    | Note
--------------------------------------------------------------
     0 | D:1      | smiler, the Gargoyle Earth Elementalist, began the quest for the Orb.
     0 | D:1      | Reached XP level 1. HP: 10/10 MP: 3/3
   358 | D:1      | Reached XP level 2. HP: 13/15 MP: 1/5
   486 | D:1      | Learned a level 2 spell: Stoneskin
   798 | D:1      | Reached skill level 4 in Earth Magic
   894 | D:1      | Reached XP level 3. HP: 17/19 MP: 0/6
   954 | D:1      | Learned a level 3 spell: Stone Arrow
  1588 | D:2      | Found a white marble altar of Elyvilon.
  1758 | D:2      | Reached XP level 4. HP: 24/24 MP: 7/9
  2005 | D:2      | Found a sparkling altar of Nemelex Xobeh.
  2170 | D:3      | Reached skill level 1 in Conjurations
  2370 | D:3      | Found a blossoming altar of Fedhas.
  2767 | D:4      | Reached skill level 5 in Earth Magic
  2767 | D:4      | Reached XP level 5. HP: 28/28 MP: 0/11
  3026 | D:4      | Reached XP level 6. HP: 32/32 MP: 9/15
  3037 | D:4      | Learned a level 5 spell: Lee's Rapid Deconstruction
  3115 | D:4      | Noticed a giant frog
  3117 | D:4      | Killed a giant frog
  3983 | D:4      | Noticed a phantom
  3997 | D:4      | Killed a phantom
  3997 | D:4      | Reached skill level 5 in Spellcasting
  3997 | D:4      | Reached XP level 7. HP: 27/36 MP: 12/18
  4144 | D:4      | Reached skill level 6 in Earth Magic
  4951 | D:4      | Reached XP level 8. HP: 5/41 MP: 14/21
  5308 | D:5      | Entered Level 5 of the Dungeon
  5531 | D:5      | Found a glowing golden altar of the Shining One.
  5806 | D:5      | Reached skill level 7 in Earth Magic
  5903 | D:5      | Noticed Eustachio
  5970 | D:5      | Killed Eustachio
  6123 | D:5      | Reached skill level 5 in Conjurations
  6415 | D:5      | Found a staircase to the Ecumenical Temple.
  6425 | Temple   | Entered the Ecumenical Temple
  6474 | Temple   | Became a worshipper of Vehumet
  6583 | D:6      | Found a stormy altar of Qazlal.
  6597 | D:6      | Noticed Pikel
  6879 | D:5      | Killed Pikel
  6879 | D:5      | Reached skill level 8 in Earth Magic
  6879 | D:5      | Reached XP level 9. HP: 27/45 MP: 22/25
  7357 | D:6      | Found a burning altar of Makhleb.
  7976 | D:6      | Found a deep blue altar of Sif Muna.
  8499 | D:7      | Acquired Vehumet's first power
  8499 | D:7      | Offered knowledge of Flame Tongue by Vehumet.
  8650 | D:7      | Learned a level 1 spell: Flame Tongue
  9118 | D:7      | Offered knowledge of Throw Flame by Vehumet.
  9257 | D:6      | Reached skill level 9 in Earth Magic
  9934 | D:8      | Found a glowing silver altar of Zin.
 10030 | D:8      | Reached XP level 10. HP: 37/50 MP: 19/27
 10460 | D:8      | Noticed Erolcha
 10472 | D:8      | Killed Erolcha
 10789 | D:8      | Offered knowledge of Dazzling Spray by Vehumet.
 10859 | D:8      | Reached skill level 10 in Spellcasting
 11058 | D:8      | Got a heavy robe
 11073 | D:8      | Identified the cursed -1 robe of the Crown {rC+ rCorr Int+2 Dex-3 Slay-3} (You took it off a crimson imp on level 8 of the Dungeon)
 11092 | D:8      | Found a staircase to the Lair.
 11104 | D:8      | Reached skill level 10 in Earth Magic
 11680 | D:8      | Acquired Vehumet's second power
 11684 | D:8      | Noticed Psyche
 11844 | D:8      | Killed Psyche
 11844 | D:8      | Reached skill level 1 in Staves
 11931 | D:9      | Found a shimmering altar of Xom.
 12235 | D:9      | Reached skill level 1 in Fighting
 12480 | D:9      | Reached skill level 1 in Armour
 12612 | D:9      | Noticed Joseph
 12647 | D:8      | Reached skill level 1 in Shields
 12668 | D:8      | Reached skill level 1 in Evocations
 12990 | D:9      | Killed Joseph
 13446 | D:10     | Entered Level 10 of the Dungeon
 13507 | Lair:1   | Entered Level 1 of the Lair of Beasts
 13514 | D:8      | Reached XP level 11. HP: 55/57 MP: 24/29
 13569 | D:8      | Offered knowledge of Force Lance by Vehumet.
 13966 | Lair:1   | Found a dark tunnel.
 13995 | Volcano  | Entered a volcano
 14350 | Volcano  | Noticed a red draconian
 14361 | Volcano  | Killed a red draconian
 15125 | Lair:1   | Acquired Vehumet's third power
 15255 | Lair:1   | Offered knowledge of Throw Icicle by Vehumet.
 15735 | Lair:2   | Reached skill level 11 in Spellcasting
 16219 | Lair:2   | Noticed a four-headed hydra
 16768 | Lair:3   | Reached XP level 12. HP: 65/65 MP: 14/31
 17341 | Lair:2   | Offered knowledge of Irradiate by Vehumet.
 17364 | Lair:3   | Noticed a five-headed hydra
 17370 | Lair:3   | Killed a five-headed hydra
 17530 | Lair:3   | Found a staircase to the Snake Pit.
 17534 | Lair:3   | Noticed a six-headed hydra
 17541 | Lair:3   | Killed a six-headed hydra
 17633 | Lair:3   | Noticed Fannar
 17755 | Lair:3   | Killed Fannar
 18005 | Lair:2   | Noticed a four-headed hydra
 19307 | Lair:2   | Killed a four-headed hydra
 19576 | Lair:2   | Killed a four-headed hydra
 19708 | Lair:4   | Reached skill level 5 in Armour
 20104 | Lair:3   | Reached XP level 13. HP: 68/72 MP: 16/32
 20350 | Lair:4   | Noticed a four-headed hydra
 20356 | Lair:4   | Killed a four-headed hydra
 20477 | Lair:4   | Reached skill level 5 in Staves
 20495 | Lair:4   | Reached skill level 5 in Fighting
 20738 | Lair:4   | Reached skill level 12 in Spellcasting
 21037 | Lair:4   | Reached skill level 5 in Evocations
 22084 | Lair:5   | Found a staircase to the Shoals.
 22091 | Lair:5   | Reached skill level 10 in Conjurations
 23394 | Lair:3   | Reached skill level 1 in Fire Magic
 23538 | Lair:2   | Reached skill level 5 in Dodging
 23920 | Lair:5   | Offered knowledge of Ozocubu's Refrigeration by Vehumet.
 25088 | Lair:6   | Found a viscous altar of Jiyva.
 25088 | Lair:6   | Found a staircase to the Slime Pits.
 25607 | Lair:6   | Gained mutation: Your wings are large and strong. [gargoyle growth]
 25607 | Lair:6   | Reached XP level 14. HP: 67/80 MP: 23/34
 26790 | Lair:7   | Got a steaming robe
 26804 | Lair:7   | Identified the cursed -5 robe of Misfortune {-Cast Contam *Tele EV-4 Str-2 Int-2 Dex-2 Stlth-- Curse} (You found it on level 7 of the Lair of Beasts)
 26811 | Lair:7   | Gained mutation: Your spells are a little easier to cast, but a little less powerful. [mutagenic glow]
 29244 | Lair:8   | Entered Level 8 of the Lair of Beasts
 30655 | D:10     | Found a blossoming altar of Fedhas.
 30932 | D:10     | Noticed Maurice
 31060 | D:10     | Killed Maurice
 31214 | D:10     | Found Qeetze's Jewellery Emporium.
 32071 | D:11     | Found a staircase to the Orcish Mines.
 32161 | D:11     | Found a shattered altar of Ashenzari.
 32166 | D:11     | Offered knowledge of Delayed Fireball by Vehumet.
 32179 | D:11     | Learned a level 7 spell: Delayed Fireball
 32237 | D:11     | Found a shadowy altar of Dithmenos.
 32732 | Orc:1    | Entered Level 1 of the Orcish Mines
 33178 | Orc:2    | Reached skill level 5 in Fire Magic
 33341 | Orc:2    | Noticed Erica
 33403 | Orc:2    | Killed Erica
 34142 | Orc:2    | Noticed Josephine
 34150 | Orc:2    | Killed Josephine
 34782 | Orc:1    | Offered knowledge of Bolt of Magma by Vehumet.
 35352 | Orc:1    | Found a roughly hewn altar of Beogh.
 35957 | Orc:3    | Found a roughly hewn altar of Beogh.
 36471 | Orc:4    | Entered Level 4 of the Orcish Mines
 36844 | Orc:4    | Noticed Harold
 36858 | Orc:3    | Found Nuruo's Book Shop.
 37970 | Orc:3    | Reached skill level 13 in Spellcasting
 38060 | Orc:3    | Noticed Nergalle
 38070 | Orc:3    | Killed Nergalle
 38070 | Orc:3    | Reached XP level 15. HP: 82/86 MP: 15/35
 38083 | Orc:3    | Learned a level 5 spell: Bolt of Magma
 38203 | Orc:4    | Found Adaixkipp's Armour Shoppe.
 38203 | Orc:4    | Found Jinuam's Antique Armour Shop.
 38266 | Orc:4    | Noticed a stone giant
 38277 | Orc:4    | Noticed a quicksilver dragon
 38277 | Orc:4    | a stone giant changed into a quicksilver dragon
 38581 | Orc:4    | Killed Harold
 38820 | Orc:4    | Found a staircase to the Elven Halls.
 38941 | Orc:4    | Killed a quicksilver dragon
 39367 | Orc:4    | Offered knowledge of Freezing Cloud by Vehumet.
 40058 | Orc:4    | Found a roughly hewn altar of Beogh.
 40127 | Orc:4    | Found Inyutin's Book Shoppe.
 40127 | Orc:4    | Found Gaawax's Distillery.
 40142 | Orc:4    | Bought a potion of haste for 140 gold pieces
 40142 | Orc:4    | Bought a potion of mutation for 35 gold pieces
 40142 | Orc:4    | Bought a potion of magic for 112 gold pieces
 40274 | Orc:4    | Bought a book of the Tempests for 1050 gold pieces
 40280 | Orc:4    | Learned a level 5 spell: Fireball
 45046 | Lair:8   | Offered knowledge of Bolt of Cold by Vehumet.
 47518 | Lair:7   | Reached XP level 16. HP: 68/95 MP: 0/36
 48097 | Elf:1    | Entered Level 1 of the Elven Halls
 49710 | Elf:1    | Reached skill level 14 in Spellcasting
 49864 | Elf:1    | Offered knowledge of Spellforged Servitor by Vehumet.
 50161 | Elf:1    | Killed from afar by a deep elf annihilator

Action                   |  1- 3 |  4- 6 |  7- 9 | 10-12 | 13-15 | 16-18 || total
-------------------------+-------+-------+-------+-------+-------+-------++-------
Melee: Unarmed           |     3 |       |       |       |       |       ||     3
       Club              |     6 |       |       |       |       |       ||     6
       Flail             |       |       |    11 |       |       |       ||    11
       Mace              |       |       |    36 |       |    11 |       ||    47
       Quarterstaff      |       |       |   110 |       |       |       ||   110
       Staff             |       |       |     2 |    20 |    55 |     3 ||    80
 Cast: Sandblast         |    63 |    68 |   271 |   126 |     5 |       ||   533
       Stoneskin         |       |     2 |     9 |    21 |   120 |    23 ||   175
       Stone Arrow       |       |       |    17 |   303 |  1196 |    84 ||  1600
       Lee's Rapid Decon |       |       |     5 |    54 |   164 |    35 ||   258
       Flame Tongue      |       |       |       |     4 |       |       ||     4
       Fireball          |       |       |       |       |    14 |     4 ||    18
       Bolt of Magma     |       |       |       |       |     6 |     6 ||    12
 Abil: Fly               |       |       |       |       |     1 |       ||     1
Evoke: Wand              |       |       |       |       |     2 |       ||     2
  Use: Scroll            |     7 |     4 |     6 |    11 |    18 |       ||    46
       Potion            |       |       |     1 |     3 |     5 |       ||     9
  Eat: Chunk             |     3 |     7 |    19 |    38 |    71 |     9 ||   147
       Royal jelly       |       |       |       |     1 |       |       ||     1
       Meat ration       |       |       |       |       |     4 |       ||     4
       Bread ration      |       |       |       |       |     2 |     1 ||     3
       Fruit             |       |       |       |       |     5 |       ||     5
